 Dungeon Crawl Stone Soup version 0.24.0-13-gcf9b3192b9 (webtiles) character file.

Game seed: 8639948410084306754, levelgen mode: deterministic

2870 Iamsoldier the Fighter (level 9, -1/60 HPs)
             Began as a Gargoyle Fighter on Nov 5, 2019.
             Was a Priest of Okawaru.
             Slain by an orc warrior
             ... wielding a +1 scimitar of distortion
              (15 damage)
             ... on level 6 of the Dungeon.
             The game lasted 00:19:15 (5492 turns).

Iamsoldier the Fighter (Gargoyle Fighter)           Turns: 5492, Time: 00:19:15

Health: -1/60      AC: 27    Str: 23    XL:     9   Next: 76%
Magic:  9/9        EV:  7    Int: 12    God:    Okawaru [***...]
Gold:   312        SH: 10    Dex:  9    Spells: 8/8 levels left

rFire    . . .     SeeInvis .   H - +4 mace
rCold    . . .     Gourm    .   c - +0 shield
rNeg     + + .     Faith    .   p - +1 plate armour
rPois    ∞         Spirit   .   k - +2 helmet {Int+3}
rElec    +         Reflect  .   (no cloak)
rCorr    .         Harm     .   J - +0 pair of gloves
MR       .....                  v - +2 pair of boots
Stlth    ..........             w - amulet of regeneration
HPRegen  0.60/turn              j - ring of positive energy
MPRegen  0.11/turn              e - +2 ring of evasion

@: no status effects
A: negative energy resistance 1, electricity resistance, unbreathing,
petrification resistance, rot immunity, AC +6
a: Heroism, Renounce Religion


You were on level 6 of the Dungeon.
You worshipped Okawaru.
Okawaru was most pleased with you.
You were not hungry.

You visited 2 branches of the dungeon, and saw 7 of its levels.
You also visited: Ossuary.

You collected 312 gold pieces.

Inventory:

Hand Weapons
 a - a +1 flail
 H - a +4 mace (weapon)
Armour
 b - a +0 scale mail
 c - a +0 shield (worn)
 k - a +2 helmet of intelligence (worn)
 n - a +1 hat
 p - a +1 plate armour (worn)
 v - a +2 pair of boots (worn)
 J - a +0 pair of gloves (worn)
Jewellery
 e - a +2 ring of evasion (right hand)
 j - a ring of positive energy (left hand)
 w - an amulet of regeneration (around neck)
Wands
 m - a wand of iceblast (6)
 A - a wand of polymorph (7)
Scrolls
 g - 3 scrolls of teleportation
 i - 3 scrolls of magic mapping
 l - a scroll of fear
 r - 2 scrolls of identify
 s - a scroll of fog {unknown}
 y - 3 scrolls of remove curse
 B - 3 scrolls of random uselessness {unknown}
 D - a scroll of enchant armour
 I - a scroll of amnesia {unknown}
Potions
 d - 3 potions of might
 h - 2 potions of lignification
 o - 2 potions of flight {unknown}
 q - 3 potions of curing
 t - 4 potions of haste {unknown}
 u - 2 potions of degeneration {unknown}
 x - a potion of brilliance
 z - 2 potions of agility {unknown}
 C - a potion of berserk rage {unknown}
 E - a potion of mutation {unknown}
 F - a potion of cancellation {unknown}
 G - 2 potions of ambrosia {unknown}
Comestibles
 f - 9 rations


   Skills:
 * Level 9.1 Fighting
 * Level 8.0 Maces & Flails
 - Level 6.0 Armour
 - Level 1.2 Dodging
 + Level 6.7 Shields


You had 8 spell levels left.
You didn't know any spells.
Your spell library was empty.

Dungeon Overview and Level Annotations

Branches:
Dungeon (6/15)             Temple (1/1) D:6         Ossuary (visited)

Altars:
Cheibriados
Dithmenos
Hepliaklqana
Kikubaaqudgha
Makhleb
Okawaru
Qazlal
Sif Muna
Trog
Uskayaw
Vehumet
Wu Jian
Xom
Yredelemnul
Zin
The Shining One

Shops:
D:4 [

Annotations:
D:4 3 runed translucent doors, night's ghost, novice FoFi


Innate Abilities, Weirdness & Mutations

You are resistant to torment.
Your stone body is resilient. (AC +6)
You are immune to poison.
You resist negative energy. (rN+)
You are resistant to electric shocks. (rElec)
You can survive without breathing.
You are immune to petrification.
You are immune to rotting.


Message History

You are too injured to fight recklessly!
You are too injured to fight recklessly!
You are too injured to fight recklessly!
You are too injured to fight recklessly!
You are too injured to fight recklessly!
You are too injured to fight recklessly!
The orc warrior hits you but does no damage.
You blink.
You sock the orc warrior!
The orc warrior is heavily wounded.
You block the orc's attack. The orc warrior barely misses you.
You closely miss the orc warrior.
The orc warrior is heavily wounded.
You block the orc's attack.
You hit the orc warrior.
The orc warrior is severely wounded.
The orc warrior hits you with a +1 scimitar of distortion!
* * * LOW HITPOINT WARNING * * *
Space warps horribly around you!
You die...

###### ....# ...# ## ## #o.#
#. ##≈ #o.# #. ≈≈ #o.# #.#≈
#..# ######## #.'## #..#
.......# ##@.####.###..#####
.....).# #oo................
#.###..# #)#################
....#..# #)# #.......#
....#..# #.# #>#####)#
(.[....########.# #.# #.#
.(..#........##.####.## #.#
....#(............#...####.#
#)#####.###..####...#......#


You could see an orc warrior and an orc.

Vanquished Creatures
  A two-headed ogre (D:6)
  A wraith (Ossuary)
  An orc warrior (D:6)
  A black bear (D:6)
  A sky beast (D:6)
  3 ogres
  2 centaurs
  2 bullfrogs (D:6)
  A wyvern skeleton (D:6)
  2 scorpions
  2 howler monkeys
  2 crimson imps (D:6)
  A bullfrog zombie (D:6)
  A centaur zombie (D:5)
  A jelly (D:5)
  3 hounds
  5 orc wizards
  2 orc priests
  7 worker ants
  A hound zombie (D:5)
  A hound skeleton (D:6)
  A howler monkey zombie (D:6)
  A mummy (Ossuary)
  A worker ant zombie (D:6)
  9 gnolls
  13 adders
  A shadow imp (D:6)
  2 oozes
  2 adder skeletons (D:6)
  An adder zombie (D:5)
  4 worms
  A dart slug (D:1)
  5 leopard geckos
  26 orcs
  5 giant cockroaches
  8 goblins
  7 hobgoblins
  8 jackals
  6 quokkas
  A ball python (D:2)
  8 bats
  8 frilled lizards
  9 gnoll skeletons (Ossuary)
  9 kobolds
  5 kobold skeletons (Ossuary)
  A leopard gecko skeleton (D:4)
  11 orc skeletons (Ossuary)
  11 rats
205 creatures vanquished.

Notes
Turn   | Place    | Note
-------+----------+-------------------------------------------
     0 | D:1      | Iamsoldier the Gargoyle Fighter began the quest for the
                  | Orb.
     0 | D:1      | Reached XP level 1. HP: 14/14 MP: 1/1
   162 | D:1      | Reached XP level 2. HP: 19/19 MP: 2/2
   710 | D:1      | Reached XP level 3. HP: 24/24 MP: 3/3
   914 | D:2      | Reached skill level 4 in Fighting
   924 | D:2      | Reached XP level 4. HP: 13/29 MP: 4/4
  1088 | D:2      | Reached skill level 1 in Dodging
  1423 | D:2      | You fall into a shaft and drop 2 floors!
  1432 | D:4      | Reached XP level 5. HP: 32/34 MP: 5/5
  2622 | D:3      | Reached XP level 6. HP: 40/40 MP: 6/6
  2758 | D:3      | Reached skill level 5 in Fighting
  2787 | D:3      | Found a stormy altar of Qazlal.
  2945 | D:4      | Found Sedurghasch's Antique Armour Shoppe.
  3223 | D:4      | Reached XP level 7. HP: 44/44 MP: 7/7
  3365 | D:4      | Found a shimmering blue altar of Sif Muna.
  3408 | D:4      | Found a runed translucent gate.
  3408 | D:4      | Found a runed translucent gate.
  3408 | D:4      | Found a runed translucent gate.
  3411 | D:4      | Noticed night's ghost (novice FoFi)
  3672 | D:5      | Entered Level 5 of the Dungeon
  3713 | D:5      | Reached skill level 5 in Maces & Flails
  3726 | D:5      | Reached skill level 6 in Fighting
  3786 | D:5      | Found a glowing silver altar of Zin.
  4093 | D:5      | Reached skill level 5 in Shields
  4093 | D:5      | Reached XP level 8. HP: 50/52 MP: 8/8
  4158 | D:5      | Found a basalt altar of Yredelemnul.
  4330 | D:6      | Found a staircase to the Ecumenical Temple.
  4382 | Temple   | Entered the Ecumenical Temple
  4420 | Temple   | Became a worshipper of Warmaster Okawaru
  4473 | D:6      | Reached skill level 7 in Fighting
  4497 | D:6      | Reached skill level 5 in Armour
  4500 | D:6      | Found a sand-covered staircase.
  4512 | Ossuary  | Entered an ossuary
  4512 | Ossuary  | Noticed a wraith
  4512 | Ossuary  | Noticed a wraith
  4512 | Ossuary  | Noticed a wraith
  4597 | Ossuary  | Noticed a wraith
  4629 | Ossuary  | Killed a wraith
  4753 | D:6      | Noticed a two-headed ogre
  4772 | D:6      | Killed a two-headed ogre
  4772 | D:6      | Reached * piety under Okawaru
  4772 | D:6      | Reached ** piety under Okawaru
  4772 | D:6      | Reached skill level 8 in Fighting
  4772 | D:6      | Reached XP level 9. HP: 29/60 MP: 9/9
  5144 | D:6      | Reached skill level 9 in Fighting
  5407 | D:6      | Reached *** piety under Okawaru
  5492 | D:6      | Slain by an orc warrior

Levels and vault maps discovered:
D:1:      onia_arrival_pyramid, layout_basic
D:2:      minmay_razor_zed, layout_basic
D:3:      layout_basic, lemuel_coloured_pillars_altar
D:4:      layout_gridville, lemuel_doored_altar, serial_shops, shop,
          gammafunk_ghost_necromancy, first_ration,
          hangedman_abyss_or_decor_passed
D:5:      layout_basic, nicolae_overflow_hidden_temple,
          yredelemnul_altar_generic
D:6:      minmay_chambers_of_sixes, layout_loops_ring,
          minmay_temple_entry_stoned_glass, gup_sewer_entry_bowl,
          nicolae_ossuary_entry_monument, minmay_chambers_of_fives
Temple:   nicolae_temple_no_exploring_needed

Skill      XL: |  1  2  3  4  5  6  7  8  9 |
---------------+----------------------------+-----
Fighting       | 4 5 6 8 9 |  9.1
Maces & Flails | 3 4 5 7 8 |  8.0
Dodging        | 1 |  1.2
Shields        | 4 5 6 |  6.7
Armour         | 4 5 6 |  6.0

Action                   |  1- 3 |  4- 6 |  7- 9 || total
-------------------------+-------+-------+-------++-------
Melee: Flail             |   109 |   390 |   366 ||   865
       Mace              |       |       |    55 ||    55
  Use: Scroll            |     4 |     1 |     5 ||    10
       Potion            |     3 |       |     2 ||     5
  Eat: Chunk             |       |     5 |       ||     5
       Ration            |       |     1 |     3 ||     4
Armor: Scale mail        |    57 |    75 |       ||   132
       Skin              |     3 |     3 |       ||     6
       Plate armour      |       |   185 |   318 ||   503
Dodge: Dodged            |    53 |   140 |   138 ||   331
Block: Shield            |    78 |   269 |   277 ||   624
